 Dungeon Crawl Stone Soup version 0.24.0-123-gd5b16e6ec5 (webtiles) character file.

Game seed: 15969093517710266272, levelgen mode: deterministic

177 Jynx the Cudgeler (level 5, -8/67 HPs)
             Began as a Minotaur Fighter on Jan 18, 2020.
             Was an Initiate of Okawaru.
             Killed by divine providence
             ... invoked by an orc priest
              (13 damage)
             ... on level 3 of the Dungeon.
             The game lasted 00:02:44 (1840 turns).

Jynx the Cudgeler (Minotaur Fighter)                Turns: 1840, Time: 00:02:46

Health: -8/67      AC: 22    Str: 20    XL:     5   Next: 31%
Magic:  4/4        EV:  2    Int:  5    God:    Okawaru [......]
Gold:   162        SH:  0    Dex: 11    Spells: 4/4 levels left

rFire    . . .     SeeInvis .   a - +0 flail
rCold    . . .     Gourm    .   (no shield)
rNeg     + + +     Faith    .   (armour currently unavailable)
rPois    +         Spirit   .   (helmet currently unavailable)
rElec    .         Reflect  .   (cloak currently unavailable)
rCorr    .         Harm     .   (gloves currently unavailable)
MR       .....     NoTele   +   (boots currently unavailable)
Stlth    +.........             (no amulet)
HPRegen  0.21/turn              (no ring)
MPRegen  0.09/turn              (no ring)

@: tree-form
A: (retaliatory headbutt)
a: Renounce Religion


You were on level 3 of the Dungeon.
You worshipped Okawaru.
Okawaru was noncommittal.
You were not hungry.
You were a tree.
You visited 1 branch of the dungeon, and saw 3 of its levels.

You collected 162 gold pieces.

Inventory:

Hand Weapons
 a - a +0 flail (weapon)
Armour
 b - a +0 scale mail (melded)
 c - a +0 shield
Jewellery
 m - an uncursed ring of resist corrosion {unknown}
Scrolls
 g - 3 scrolls of identify {unknown}
 h - a scroll of immolation {unknown}
 l - a scroll of remove curse {unknown}
Comestibles
 f - 2 rations


   Skills:
 - Level 3.6 Fighting
 * Level 6.8 Maces & Flails
 - Level 3.6 Armour
 - Level 3.6 Shields


You had 4 spell levels left.
You didn't know any spells.
Your spell library was empty.

Dungeon Overview and Level Annotations

Branches:
Dungeon (3/15)

Altars:
Hepliaklqana
Okawaru
Qazlal


Innate Abilities, Weirdness & Mutations

((You reflexively headbutt those who attack you in melee.))
((You have a pair of horns on your head.))


Message History

You hit the adder but do no damage.
The adder is severely wounded.
The kobold hits you but does no damage. The adder bites you but does no damage.
The orc hits you but does no damage.
You barely miss the adder.
The adder is severely wounded.
The adder bites you.
* * * LOW HITPOINT WARNING * * *
The kobold hits you but does no damage.
The orc priest calls down the wrath of Beogh upon you.
Beogh smites you!
* * * LOW HITPOINT WARNING * * *
The orc hits you but does no damage.
You closely miss the adder.
The adder is severely wounded.
The adder bites you but does no damage. The kobold hits you but does no damage.
The adder bites you but does no damage. The orc hits you but does no damage.
The orc priest mumbles some strange prayers to Beogh against you.
Beogh smites you!
You die...

####### ##.....##
####.......##
............##
#...........
#.<.........
########.....>...##
#K♣(((((.........#
....oroS######.......##
.....oro# #.......>.#
...###### #.........#
.< #........... .
#....[....#.
#.........# ##.......##


You could see 2 orc priests, an adder, 2 orcs, a quokka, a kobold and a rat.

Vanquished Creatures
  A centaur (D:3)
  An orc wizard (D:3)
  A gnoll (D:1)
  An adder (D:2)
  A worm (D:2)
  A dart slug (D:2)
  A leopard gecko (D:1)
  3 orcs (D:3)
  2 bats (D:2)
  2 giant cockroaches (D:2)
  6 goblins
  5 hobgoblins
  A quokka (D:2)
  A frilled lizard (D:2)
  7 kobolds
  4 rats
38 creatures vanquished.

Notes
Turn   | Place    | Note
-------+----------+-------------------------------------------
     0 | D:1      | Jynx the Minotaur Fighter began the quest for the Orb.
     0 | D:1      | Reached XP level 1. HP: 19/19 MP: 0/0
    51 | D:1      | Reached skill level 3 in Maces & Flails
    91 | D:1      | Reached XP level 2. HP: 5/26 MP: 1/1
   437 | D:1      | Reached skill level 4 in Maces & Flails
   667 | D:2      | Reached XP level 3. HP: 31/31 MP: 2/2
   784 | D:2      | Noticed a fire elemental
   786 | D:2      | Found a stormy altar of Qazlal.
   787 | D:2      | Noticed an earth elemental
   787 | D:2      | Noticed a water elemental
   787 | D:2      | Noticed an air elemental
   821 | D:2      | Found a hazy altar of Hepliaklqana.
   980 | D:2      | Reached skill level 5 in Maces & Flails
  1220 | D:3      | Noticed a centaur
  1435 | D:3      | Found an iron altar of Okawaru.
  1445 | D:3      | Became a worshipper of Warmaster Okawaru
  1569 | D:3      | Reached XP level 4. HP: 10/39 MP: 3/3
  1824 | D:3      | Killed a centaur
  1824 | D:3      | Reached skill level 6 in Maces & Flails
  1824 | D:3      | Reached XP level 5. HP: 24/45 MP: 4/4
  1834 | D:3      | HP: 3/67 [poisoned by an adder]
  1840 | D:3      | Killed from afar by an orc priest

Levels and vault maps discovered:
D:1:      psy_arrival_terrarium, layout_rooms
D:2:      layout_basic, nicolae_qazlal_style_of_elements, lemuel_doored_altar,
          hangedman_abyss_or_decor_lesser_grid
D:3:      minmay_angry_zag, layout_rooms, kennysheep_okawaru_gauntlet,
          fedhas_altar_1, ebering_ghost_rock_garden, first_ration,
          guppyfry_early_orc_mine

Skill      XL: |  1  2  3  4 |
---------------+-------------+-----
Maces & Flails | 3 4 5 6 |  6.8
Fighting       | |  3.6
Armour         | |  3.6
Shields        | |  3.6

Action                   |  1- 3 |  4- 6 || total
-------------------------+-------+-------++-------
Melee: Flail             |    77 |    26 ||   103
       Headbutt          |    10 |     1 ||    11
  Use: Potion            |     1 |     5 ||     6
  Eat: Chunk             |     1 |     2 ||     3
Armor: Scale mail        |    41 |     8 ||    49
       Skin              |       |    62 ||    62
Dodge: Dodged            |    42 |    10 ||    52
